 Dungeon Crawl Stone Soup version 0.17-a0-2217-ga280b8d (webtiles) character file.

108 Ordine the Magician (level 4, -7/24 HPs)
             Began as a Deep Elf Wizard on Oct 28, 2015.
             Killed from afar by Terence (11 damage)
             ... with a wand of flame
             ... on level 2 of the Dungeon.
             The game lasted 00:05:48 (1881 turns).

Ordine the Magician (Deep Elf Wizard)               Turns: 1881, Time: 00:05:48

Health: -7/24      AC:  3    Str:  4    XL:     4   Next: 58%
Magic:  1/13       EV: 12    Int: 24    God:
Gold:   64         SH:  0    Dex: 13    Spells: 5 memorised, 3 levels left

rFire  . . .     SeeInvis .     i - +1 dagger
rCold  . . .     Clarity  .     a - +0 robe
rNeg   . . .     SustAt   .     (no shield)
rPois  .         Gourm    .     b - +0 hat
rElec  .         Spirit   .     (no cloak)
rCorr  .         Warding  .     h - +0 pair of gloves (curse)
rMut   .         Stasis   .     (no boots)
MR     .....                    (no amulet)
Stlth  +++.......               (no ring)
                                k - ring of stealth

@: not resistant to hostile enchantments, fairly stealthy
A: no striking features
a: no special abilities


You were on level 2 of the Dungeon.
You were not hungry.

You visited 1 branch of the dungeon, and saw 2 of its levels.

You collected 64 gold pieces.

Inventory:

Hand Weapons
 i - a +1 dagger (weapon)
Armour
 a - a +0 robe (worn)
 b - a +0 hat (worn)
 h - a cursed +0 pair of gloves (worn)
Jewellery
 k - a ring of stealth (left hand)
 n - an uncursed amulet of stasis
Scrolls
 e - 2 scrolls of magic mapping
 j - a scroll of enchant weapon
 p - a scroll of identify {unknown}
Potions
 f - a potion of brilliance {unknown}
 g - a potion of degeneration {unknown}
 l - a potion of lignification {unknown}
 o - a potion of curing {unknown}
Books
 c - a book of Minor Magic

   Spells                             Type                      Level
   a - Magic Dart                     Conjuration                  1
   b - Blink                          Translocation                2
   c - Call Imp                       Summoning                    2
   d - Repel Missiles                 Charms/Air                   2
   e - Slow                           Hexes                        2
   f - Conjure Flame                  Conjuration/Fire             3
   g - Mephitic Cloud                 Conjuration/Poison/Air       3
Comestibles
 d - a bread ration
 m - a chunk of flesh


   Skills:
 + Level 0.0 Fighting
 + Level 0.0 Short Blades
 + Level 2.4 Dodging
 - Level 2.4 Stealth
 * Level 5.6 Spellcasting
 + Level 4.0 Conjurations
   Level 1.1 Summonings
 + Level 1.1 Translocations
 + Level 0.0 Fire Magic
 + Level 0.0 Air Magic


You had 3 spell levels left.
You knew the following spells:

 Your Spells              Type           Power        Failure   Level  Hunger
a - Magic Dart            Conj           ####         1%          1    None
b - Blink                 Tloc           N/A          10%         2    None
c - Conjure Flame         Conj/Fire      ###.....     14%         3    #......
d - Mephitic Cloud        Conj/Pois/Air  ##......     17%         3    #......
e - Repel Missiles        Chrm/Air       #.....       14%         2    None


Dungeon Overview and Level Annotations

Branches:
Dungeon (2/15)

Altars:

Annotations:
D:2 Terence


Message History

Terence zaps a wand.
The puff of flame hits you!
Casting: Magic Dart
Confirm with . or Enter, or press ? or * to list all spells.
Aiming: Magic Dart
Press: ? - help, Shift-Dir - straight line, f/p - Terence
Aim: Terence, wielding a trident, wearing a chain mail and carrying a wand of flame {zapped: 6} (heavily wounded)
The magic dart hits Terence.
Terence is heavily wounded.
Terence zaps a wand.
The puff of flame hits you!
Casting: Magic Dart
Confirm with . or Enter, or press ? or * to list all spells.
Aiming: Magic Dart
Press: ? - help, Shift-Dir - straight line, f/p - Terence
Aim: Terence, wielding a trident, wearing a chain mail and carrying a wand of flame {zapped: 7} (heavily wounded)
The magic dart hits Terence.
Terence is severely wounded.
Terence zaps a wand.
The puff of flame hits you!
* * * LOW HITPOINT WARNING * * *
Terence zaps a wand.
The puff of flame hits you!
You die...

.....<....##.###....(......#
......##..##.##...#...####.#
#####.##..##..).#......)..
##...#..##..#...#...####
#..>....##..(......##
#........###.##.###.#
#......#.# #.##.# #.#
#.#...##.# #.##.# #.# .#
#....###.# #.##@# #.# #.....
#†###.##.# #.# ....... ..#..
#.# #.# #.# ##..... ###@#
#.# #.# #.# #§# #.# #.# #.#
#.# #.####.#####.#
#.####@...........#
#.........#.#####.#
#########.#.#####.#


You could see Terence.

Vanquished Creatures
  A water moccasin zombie (D:1)
  An adder (D:2)
  An ooze (D:1)
  A worm (D:2)
  A giant gecko (D:1)
  2 giant cockroaches (D:1)
  5 hobgoblins
  2 jackals (D:1)
  5 bats
  3 giant newts (D:1)
  3 goblins (D:1)
  6 kobolds
  2 rats (D:1)
33 creatures vanquished.

Notes
Turn   | Place    | Note
--------------------------------------------------------------
     0 | D:1      | Ordine the Deep Elf Wizard began the quest for the Orb.
     0 | D:1      | Reached XP level 1. HP: 10/10 MP: 7/7
   384 | D:1      | Reached XP level 2. HP: 4/15 MP: 0/9
   929 | D:1      | Reached skill level 5 in Spellcasting
  1238 | D:1      | Reached XP level 3. HP: 19/19 MP: 6/11
  1242 | D:1      | Learned a level 2 spell: Blink
  1246 | D:1      | Learned a level 3 spell: Conjure Flame
  1250 | D:1      | Learned a level 3 spell: Mephitic Cloud
  1253 | D:1      | Learned a level 2 spell: Repel Missiles
  1353 | D:1      | Noticed a water moccasin zombie
  1364 | D:1      | Killed a water moccasin zombie
  1364 | D:1      | Reached XP level 4. HP: 8/24 MP: 0/13
  1858 | D:2      | Noticed Terence
  1881 | D:2      | Killed from afar by Terence

Vault maps used:
D:1:      enne_arrival_octagon_isle, serial_forest,
          infiniplex_forest_straight_2, infiniplex_forest_lined_2,
          infiniplex_forest_lined_3_way, infiniplex_forest_lined_ring,
          infiniplex_forest_lined_ring, infiniplex_forest_lined_room_2,
          infiniplex_forest_lined_room_2, infiniplex_forest_join,
          roderic_lattice_a, corexii_hall_statues_l, kennysheep_small_spiral
D:2:      nicolae_overflow_hidden_temple, nicolae_ru_awakened_eye, uniq_terence,
          uniq_iyjb

Action                   |  1- 3 |  4- 6 || total
-------------------------+-------+-------++-------
Melee: Unarmed           |     2 |       ||     2
 Cast: Magic Dart        |    72 |    29 ||   101
       Repel Missiles    |     1 |       ||     1
       Conjure Flame     |       |     1 ||     1
  Use: Scroll            |     3 |     1 ||     4
  Eat: Chunk             |     1 |     2 ||     3
